 Dungeon Crawl Stone Soup version 0.30-a0-279-g4b46babb21 (webtiles) character file.

Game seed: 13519279887936917238

9146 lunkers the Geomancer (level 12, -26/104 HPs)
             Began as a Meteoran Wanderer on Oct 17, 2022.
             Was a Believer of Ru.
             Annihilated by an orc knight
             ... wielding a +3 great sword
              (37 damage)
             ... on level 1 of the Orcish Mines.
             The game lasted 00:13:43 (4606 turns).

lunkers the Geomancer (Meteoran Wanderer)           Turns: 4606, Time: 00:13:43

Health: -26/104    AC: 13    Str: 11    XL:     12   Next: 0%
Magic:  17/26      EV: 12    Int: 18    God:    Ru [**....]
Gold:   612        SH:  7    Dex: 16    Spells: 20/29 levels left

rFire   + . .      SeeInvis .    z - +2 short sword (drain)
rCold   . . .      Faith    .    e - +2 buckler
rNeg    + . .      Spirit   .    j - +1 ring mail of Paranoia {rN+ Will+}
rPois   .          Reflect  .    (no helmet)
rElec   .          Harm     .    b - +1 cloak
rCorr   .          Rampage  .    h - +3 pair of gauntlets of War {Slay+5}
Will    +++..                    (no boots)
Stlth   +.........               (no amulet)
HPRegen 0.37/turn                y - ring of willpower
MPRegen 0.20/turn                m - ring of protection from fire

@: glowing, unable to read
A: sense surroundings 2, weak 1, inability to read after injury 2, otherworldly,
glowing, explore regen
a: Renounce Religion


You were on level 1 of the Orcish Mines.
You worshipped Ru.
Ru was pleased with you.
You visited 3 branches of the dungeon, and saw 12 of its levels.

You collected 612 gold pieces.

Inventory:

Hand Weapons
 q - a +2 dagger of freezing
 u - a +2 whip of freezing
 z - a +2 short sword of draining (weapon)
 C - a +0 morningstar of flaming
Armour
 b - a +1 cloak (worn)
 d - the +1 scale mail of the Forest {Will+ Str+6 Dex+4}
   (You found it on level 7 of the Dungeon)

   Str:       It affects your strength (+6).
   Dex:       It affects your dexterity (+4).
   Will:      It increases your willpower.
 e - a +2 buckler (worn)
 h - the +3 pair of gauntlets of War (worn) {Slay+5}
   (You acquired it in the Ecumenical Temple)

   Slay:      It affects your accuracy & damage with ranged weapons and melee
   (+5).
 j - the +1 ring mail of Paranoia (worn) {rN+ Will+}
   (You found it on level 5 of the Dungeon)

   rN:        It protects you from negative energy.
   Will:      It increases your willpower.
 D - +0 steam dragon scales
Jewellery
 f - a +6 ring of strength
 m - a ring of protection from fire (right hand)
 r - a +6 ring of dexterity
 x - a ring of protection from cold
 y - a ring of willpower (left hand)
Wands
 a - a wand of light (4)
 i - a wand of mindburst (14)
 p - a wand of digging (6)
Scrolls
 g - 3 scrolls of fear
 k - a scroll of amnesia
 n - 3 scrolls of vulnerability
 E - a scroll of magic mapping
Potions
 c - 3 potions of brilliance
 l - 4 potions of flight
 o - 4 potions of heal wounds {unknown}
 s - a potion of berserk rage {unknown}
 t - 2 potions of might {unknown}
 v - a potion of degeneration {unknown}
 w - 5 potions of attraction {unknown}
 A - a potion of lignification {unknown}
 B - 2 potions of curing {unknown}
 F - a potion of ambrosia {unknown}


   Skills:
 + Level 9.0 Fighting
 - Level 1.2 Throwing
 - Level 5.0 Armour
 - Level 5.0 Dodging
 - Level 1.0 Stealth
 - Level 3.6 Shields
 - Level 9.2 Spellcasting
 - Level 7.9 Conjurations
 - Level 12.4 Earth Magic


You had 20 spell levels left.
You knew the following spells:

 Your Spells              Type           Power      Damage    Failure   Level
b - Stone Arrow           Conj/Erth      88%        3d12      1%          3
c - Lee's Rapid Deconstr  Erth           26%        3d15*     4%          5
p - Sandblast             Erth           100%       2d20      1%          1

Your spell library contained the following spells:

 Spells                   Type           Power      Damage    Failure   Level
 Kiss of Death            Conj/Necr      88%        2d12      4%          1
 Momentum Strike          Conj/Tloc      44%        3d9       8%          2
 Leda's Liquefaction      Hex/Erth       15%        N/A       19%         4
 Blink                    Tloc           16%        N/A       36%         2
 Scorch                   Fire           16%        2d6       36%         2
 Flame Wave               Conj/Fire      22%        2d8       43%         4
 Confusing Touch          Hex            8%         N/A       58%         3
 Gell's Gravitas          Tloc           8%         N/A       58%         3
 Lesser Beckoning         Tloc           16%        N/A       58%         3
 Ozocubu's Armour         Ice            8%         N/A       58%         3
 Teleport Other           Tloc           8%         N/A       58%         3
 Vhi's Electric Charge    Tloc/Air       16%        N/A       58%         3
 Arcjolt                  Conj/Air       11%        1d21      80%         5
 Dispel Undead            Necr           8%         3d8       94%         4
 Statue Form              Tmut/Erth      20%        N/A       96%         6
 Metabolic Englaciation   Hex/Ice        4%         N/A       100%        5
 Dispersal                Tloc           4%         N/A       100%        6
 Simulacrum               Ice/Necr       4%         N/A       100%        6
 Summon Cactus Giant      Summ           4%         N/A       100%        6
 Spellforged Servitor     Conj/Summ      11%        N/A       100%        7
 Maxwell's Capacitive Co  Air            4%         ∞         100%        8


Dungeon Overview and Level Annotations

Branches:
Dungeon (9/15) Zot: 869    Temple (1/1) D:5 Zot: 561     Orc (2/2) D:9 Zot: 1021
   Lair: D:8-11         Elf: Orc:2

Altars:
Ashenzari
Cheibriados
Dithmenos
Elyvilon
Gozag
Hepliaklqana
Kikubaaqudgha
Makhleb
Nemelex Xobeh
Okawaru
Qazlal
Ru
Sif Muna
Trog
Uskayaw
Vehumet
Wu Jian
Xom
Yredelemnul
Zin
The Shining One

Shops:
D:5 (**   Orc:2 (


Innate Abilities, Weirdness & Mutations

You passively map the area around you.
You are weak. (Str -2)
You sometimes lose the ability to read scrolls when taking damage.
You are easily found by Zot.
You glow in the dark.
You regain HP and MP as you explore.


Message History

Okay, then.
Casting: Sandblast (safe; 1% risk of failure)
Confirm with . or Enter, or press ? or * to list all spells.
Okay, then.
Okay, then.
There is a stone staircase leading down here.
You climb downwards.
The orc warlord unwields a +2 great mace.
The orc warlord wields a +0 arbalest.
The orc warlord shoots a bolt.
The bolt hits you!!
You feel threatened and lose the ability to read scrolls!
* * * LOW HITPOINT WARNING * * *
The troll bites you but does no damage. The troll claws you but does no damage.
You block the troll's attack.
The orc knight roars a battlecry!
The orcs go into a battle-frenzy!
The orc knight complains to no one in particular.
The orc knight shoots a bolt.
The bolt hits you!!
* * * LOW HITPOINT WARNING * * *
The troll bites you but does no damage. The troll misses you.
The troll barely misses you. You block the orc knight's attack.
The orc warlord roars a battlecry!
The orc knight goes into a battle-frenzy!
There is a stone staircase leading up, spattered with blood here.
Unknown command.
You cannot read scrolls in your current state!
The troll misses you. You block the troll's attack.
The troll claws you but does no damage.
The orc knight hits you with a +3 great sword!!
* * * LOW HITPOINT WARNING * * *
The orc warlord shoots a bolt.
You block the bolt.
You climb upwards.
There is a stone staircase leading down here.
You cannot read scrolls in your current state!
Okay, then.
The troll attacks as you move away! The troll closely misses you.
You block the troll's attack. The troll barely misses you.
The orc knight attacks as you move away!
The orc knight hits you with a +3 great sword!!!
You die...

##.#### #...........##
#...#.####.........##
*#......##..........#
##.#..............##
##....#.............##
*#.........#..........#
##.##................#
......##....#.........##
..##.###...#....@T.....#
# ### ##.[.#....o....##
* #....#...........#
*..............#.##
#..#......#...####
.............## *
.##.###.#.## * ## #####


You could see an orc knight (strong) and a troll.

Vanquished Creatures
  A two-headed ogre (D:9)
  An orc high priest (Orc:1)
  Pikel (D:6)
  2 orc sorcerers
  Joseph (D:8)
  Maggie (D:7)
  A kobold demonologist (D:9)
  A hornet (D:8)
  A troll (Orc:2)
  Grinder (D:3)
  5 yaks (D:8)
  3 wyverns
  Eustachio (D:6)
  A steam dragon (D:7)
  3 wargs
  A water moccasin (D:6)
  2 black bears
  2 orc warriors
  4 sky beasts
  An ice beast (D:5)
  4 ogres
  A centaur (D:9)
  4 lemures (D:6)
  5 kobold brigands
  2 phantoms
  4 bullfrogs
  4 necrophages
  A scorpion (D:5)
  A howler monkey (D:6)
  3 jellies
  9 orc priests
  2 gnoll boudas
  Jessica (D:3)
  Ijyb (D:4)
  3 iguanas
  15 orc wizards
  3 gnolls (D:5)
  9 adders
  3 shadow imps
  A white imp (D:5)
  A worm (D:2)
  33 orcs
  5 endoplasms
  4 goblins
  3 hobgoblins
  13 jackals
  28 kobolds
  A quokka (D:2)
  7 ball pythons
  3 bats
  3 frilled lizards
  4 rats
215 creatures vanquished.

Vanquished Creatures (others)
  3 fungi (Orc:2)
3 creatures vanquished.

Grand Total: 218 creatures vanquished

Notes
Turn   | Place    | Note
-------+----------+-------------------------------------------
     0 | D:1      | lunkers the Meteoran Wanderer began the quest for the Orb.
     0 | D:1      | lunkers set off with the following items: a +0 dagger, a +0
                  | cloak, a potion of brilliance, a +0 leather armour, a +2
                  | buckler; and the following spell memorised: Sandblast; and
                  | the following spells available to memorise: Stone Arrow.
     0 | D:1      | Reached XP level 1. HP: 17/17 MP: 3/3
   111 | D:1      | Reached XP level 2. HP: 18/24 MP: 0/5
   115 | D:1      | Reached skill level 2 in Earth Magic
   149 | D:1      | You fall into a shaft and drop 1 floor!
   204 | D:2      | Reached XP level 3. HP: 18/29 MP: 1/7
   300 | D:2      | Reached skill level 3 in Earth Magic
   605 | D:2      | Reached XP level 4. HP: 36/36 MP: 6/8
   620 | D:2      | Learned a level 3 spell: Stone Arrow
   761 | D:3      | Noticed Jessica
   769 | D:3      | Killed Jessica
   770 | D:3      | Reached skill level 1 in Conjurations
   770 | D:3      | Reached XP level 5. HP: 28/41 MP: 8/10
   791 | D:3      | Found a faded altar of an unknown god.
   907 | D:3      | Noticed Grinder
   920 | D:3      | Killed Grinder
   921 | D:3      | Reached skill level 4 in Earth Magic
   921 | D:3      | Reached XP level 6. HP: 41/48 MP: 0/13
  1066 | D:4      | Identified the +0 leather armour of Givo {rElec rN+ Int-5}
  1094 | D:4      | Reached XP level 7. HP: 50/55 MP: 9/14
  1118 | D:4      | Found a shimmering altar of Xom.
  1129 | D:4      | Got the Incunable of the Forceful Caves
  1142 | D:4      | Learned a level 5 spell: Lee's Rapid Deconstruction
  1170 | D:4      | Noticed Ijyb
  1181 | D:4      | Reached skill level 5 in Earth Magic
  1184 | D:4      | Killed Ijyb
  1202 | D:4      | Found a sacrificial altar of Ru.
  1217 | D:4      | Became a worshipper of Ru the Awakened
  1476 | D:4      | Found a sparkling altar of Nemelex Xobeh.
  1619 | D:4      | Reached skill level 5 in Spellcasting
  1619 | D:4      | Reached skill level 5 in Conjurations
  1619 | D:4      | Reached skill level 6 in Earth Magic
  1619 | D:4      | Reached XP level 8. HP: 61/61 MP: 13/16
  1625 | D:5      | Entered Level 5 of the Dungeon
  1632 | D:5      | Found Joune's Weapon Shop.
  1655 | D:5      | Found Toded's Overcharged Wands.
  1664 | D:5      | Found Maoroi's Assorted Antiques.
  1736 | D:5      | Found a staircase to the Ecumenical Temple.
  1757 | D:5      | Reached skill level 7 in Earth Magic
  1758 | Temple   | Entered the Ecumenical Temple
  1763 | Temple   | Identified a scroll of acquirement
  1763 | Temple   | Acquired the +3 pair of gauntlets of War {Slay+5}
  1763 | Temple   | Found the +3 pair of gauntlets of War {Slay+5}
  1859 | D:5      | Identified the +1 ring mail of Paranoia {rN+ Will+}
  1868 | D:5      | Gained mutation: You occasionally lose the ability to read
                  | scrolls when taking damage. [Ru sacrifice]
  1868 | D:5      | Gained mutation: You sometimes lose the ability to read
                  | scrolls when taking damage. [Ru sacrifice]
  1868 | D:5      | Reached * piety under Ru
  1941 | D:5      | Gained mutation: You passively map the area around you.
                  | [Meteoran growth]
  1941 | D:5      | Reached XP level 9. HP: 67/67 MP: 16/19
  1946 | D:5      | Reached skill level 8 in Earth Magic
  2014 | D:6      | Noticed Eustachio
  2017 | D:6      | Killed Eustachio
  2119 | D:6      | Noticed Pikel
  2148 | D:6      | Killed Pikel
  2149 | D:6      | Reached skill level 9 in Earth Magic
  2235 | D:6      | Reached skill level 10 in Earth Magic
  2236 | D:6      | Reached XP level 10. HP: 73/73 MP: 10/22
  2723 | D:7      | Identified the +1 scale mail of the Forest {Will+ Str+6
                  | Dex+4}
  2733 | D:7      | Noticed a torpor snail
  2735 | D:7      | Found a snail-covered altar of Cheibriados.
  2735 | D:7      | Noticed a torpor snail
  2735 | D:7      | Noticed a torpor snail
  2904 | D:7      | Found a radiant altar of Vehumet.
  3008 | D:7      | Noticed Maggie
  3012 | D:7      | Reached skill level 1 in Armour
  3020 | D:7      | Killed Maggie
  3021 | D:7      | Reached skill level 11 in Earth Magic
  3057 | D:7      | Found a shimmering blue altar of Sif Muna.
  3385 | D:8      | Gained mutation: You are weak. (Str -2) [Ru sacrifice]
  3385 | D:8      | Reached ** piety under Ru
  3617 | D:8      | Reached skill level 12 in Earth Magic
  3617 | D:8      | Reached XP level 11. HP: 58/85 MP: 13/25
  3704 | D:8      | Noticed Joseph
  3712 | D:8      | Killed Joseph
  3928 | D:9      | Reached skill level 5 in Fighting
  4083 | D:9      | Reached skill level 5 in Armour
  4100 | D:9      | Noticed a two-headed ogre
  4104 | D:9      | Killed a two-headed ogre
  4237 | D:9      | Reached skill level 5 in Dodging
  4412 | D:9      | Found a staircase to the Orcish Mines.
  4432 | Orc:1    | Entered Level 1 of the Orcish Mines
  4483 | Orc:2    | Entered Level 2 of the Orcish Mines
  4483 | Orc:2    | Noticed an orc knight
  4483 | Orc:2    | Noticed an orc warlord
  4483 | Orc:2    | Noticed an orc sorcerer
  4483 | Orc:2    | Noticed an orc knight
  4483 | Orc:2    | Noticed an orc high priest
  4483 | Orc:2    | Found Pulal's Antique Weapon Shoppe.
  4490 | Orc:1    | Killed an orc high priest
  4512 | Orc:1    | Noticed an orc sorcerer
  4515 | Orc:1    | Noticed a rust devil
  4516 | Orc:1    | Killed an orc sorcerer
  4558 | Orc:2    | Killed an orc sorcerer
  4571 | Orc:1    | Reached XP level 12. HP: 61/104 MP: 7/26
  4606 | Orc:1    | Annihilated by an orc knight

Illustrated notes

Levels and vault maps discovered:
D:1:      beargit_arrival_diablo_church, layout_rooms, grunt_decor_one_mirror
D:2:      layout_loops_ring, minmay_shallow_snake_nest
D:3:      layout_rooms, shapermc_ecumenical_altar_starsandcircs, uniq_jessica,
          uniq_grinder, uniq_natasha
D:4:      layout_gridville, mainiacjoe_overflow_paths,
          nicolae_ru_great_annihilating_truth, lemuel_round_altar,
          hangedman_feature_mirror, uniq_ijyb
D:5:      layout_cave_pools, minmay_temple_entry_waves, serial_shops, shop,
          shop, eino_small_chamber_without_monster,
          nicolae_shop_overcharged_wands
D:6:      layout_basic, kennysheep_potato, uniq_eustachio, uniq_pikel
D:7:      layout_gridville, mainiacjoe_overflow_24_doors,
          nicolae_sif_muna_little_library, cheibriados_altar_2, uniq_maggie
D:8:      cheibrodos_two_vegetables, layout_rooms, uniq_joseph
D:9:      layout_basic, david_orc_2
Temple:   hellmonk_temple_two_chambers
Orc:1:    layout_caves, special_room [special_room_bee]
Orc:2:    grunt_orc_gardens, layout_caves, grunt_orc_garden, grunt_orc_garden,
          grunt_orc_garden, grunt_orc_garden, serial_shops, shop

Skill      XL: |  1  2  3  4  5  6  7  8  9 10 11 |
---------------+----------------------------------+-----
Earth Magic    | 2 3 4 6 7 10 12 | 12.4
Spellcasting   | 2 3 4 5 6 7 9 |  9.2
Conjurations   | 1 3 4 5 6 7 |  7.9
Armour         | 4 5 |  5.0
Fighting       | 4 9 |  9.0
Dodging        | 5 |  5.0
Throwing       | |  1.2
Stealth        | |  1.0
Shields        | |  3.6

Action                   |  1- 3 |  4- 6 |  7- 9 | 10-12 || total
-------------------------+-------+-------+-------+-------++-------
Melee: Dagger            |    50 |    22 |    95 |   116 ||   283
       Short sword       |       |       |       |    77 ||    77
 Cast: Sandblast         |    24 |    36 |   107 |    73 ||   240
       Stone Arrow       |       |       |    11 |    58 ||    69
       Lee's Rapid Decon |       |       |       |     3 ||     3
Invok: Sacrifice Words   |       |       |     1 |       ||     1
       Sacrifice Purity  |       |       |       |     1 ||     1
Evoke: Wand              |       |       |       |     2 ||     2
  Use: Scroll            |       |       |     6 |     6 ||    12
 Stab: Distracted        |       |       |       |     1 ||     1
Armor: Leather armour    |    22 |     3 |    21 |       ||    46
       Ring mail         |       |       |    19 |    89 ||   108
Dodge: Dodged            |    32 |    15 |    50 |    67 ||   164
Block: Buckler           |    26 |     8 |    45 |    71 ||   150

Table legend: (Time is in decaauts)
 A = Elapsed time spent in this place.
 B = Non-inter-level travel time spent in this place.
 C = Inter-level travel time spent in this place.
 D = Time resting spent in this place.
 E = Time spent auto-exploring this place.
 F = Levels seen in this place.
 G = Mean time per level.
                   A        B        C        D        E       F      G
               +--------+--------+--------+--------+--------+-----+--------+
         Total |   4747 |   4592 |    155 |      0 |   3047 |  12 |  395.6 |
       Dungeon |   4530 |   4375 |    155 |      0 |   3046 |   9 |  503.3 |
        Temple |     38 |     38 |      0 |      0 |      1 |   1 |   38.0 |
  Orcish Mines |    178 |    178 |      0 |      0 |      0 |   2 |   89.0 |
               +--------+--------+--------+--------+--------+-----+--------+

Top non-repeatable levels by time:
     D:6: 729 daAuts
     D:7: 617 daAuts
     D:9: 585 daAuts
     D:4: 583 daAuts
     D:8: 567 daAuts
     D:2: 542 daAuts
     D:3: 398 daAuts
     D:5: 353 daAuts
     D:1: 152 daAuts
   Orc:1: 136 daAuts
   Orc:2: 42 daAuts
  Temple: 38 daAuts
